 Dungeon Crawl Stone Soup version 0.24.0-13-gcf9b3192b9 (webtiles) character file.

Game seed: 510970393318322527, levelgen mode: classic

25 EnegeticOcto the Chucker (level 3, -1/25 HPs)
             Began as an Octopode Hunter on Nov 5, 2019.
             Slain by a gnoll
             ... wielding a +0 halberd
              (10 damage)
             ... on level 1 of the Dungeon.
             The game lasted 00:00:52 (1188 turns).

EnegeticOcto the Chucker (Octopode Hunter)          Turns: 1188, Time: 00:00:53

Health: -1/25      AC:  1    Str: 11    XL:     3   Next: 6%
Magic:  3/3        EV: 12    Int: 14    God:
Gold:   31         SH:  8    Dex: 12    Spells: 2/2 levels left

rFire    . . .     SeeInvis +   a - +0 short sword
rCold    . . .     Gourm    .   k - +0 buckler
rNeg     . . .     Faith    .   (helmet restricted)
rPois    .         Spirit   .   d - +5 amulet of reflection
rElec    .         Reflect  +   f - ring of see invisible
rCorr    .         Harm     .   (no ring)
MR       .....                  (no ring)
Stlth    +++.......             (no ring)
HPRegen  0.08/turn              (no ring)
MPRegen  0.08/turn              (no ring)
                                (no ring)
                                (no ring)

@: no status effects
A: almost no armour, stealthy swim, amphibious, 8 rings, constrict 8, camouflage
1, gelatinous body 1
a: no special abilities


You were on level 1 of the Dungeon.
You were not hungry.

You visited 1 branch of the dungeon, and saw 2 of its levels.

You collected 31 gold pieces.

Inventory:

Hand Weapons
 a - a +0 short sword (weapon)
Missiles
 b - 6 javelins (quivered)
 c - 2 throwing nets {!f}
Armour
 k - a +0 buckler (worn)
Jewellery
 d - a +5 amulet of reflection (around mantle)
 f - a ring of see invisible (left tentacle)
Scrolls
 g - a scroll of remove curse {unknown}
 h - a scroll of noise {unknown}
 i - 3 scrolls of identify {unknown}
 j - a scroll of fear {unknown}
Comestibles
 e - 2 rations
 l - a chunk of flesh


   Skills:
 + Level 2.5 Fighting
 - Level 4.0 Throwing
 - Level 2.0 Dodging
 + Level 2.6 Stealth
 + Level 0.1 Shields
 + Level 1.2 Unarmed Combat


You had 2 spell levels left.
You didn't know any spells.
Your spell library was empty.

Dungeon Overview and Level Annotations

Branches:
Dungeon (2/15)

Altars:


Innate Abilities, Weirdness & Mutations

You cannot wear most types of armour.
You are very stealthy in the water. (Stealth+)
You are amphibious.
You can wear up to eight rings at the same time.
You can use your tentacles to constrict eight enemies at once.
Your skin changes colour to match your surroundings (Stealth+).
Your rubbery body absorbs attacks. (AC +1, EV +1)


Message History

You hit the kobold. Your grab misses the kobold.
The kobold is severely wounded.
The kobold hits you with a +0 club.
You closely miss the kobold. You grab the kobold.
The kobold is severely wounded.
You constrict the kobold.
You kill the kobold!
No target in view!
No target in view!
Things that are here:
a +0 club; 2 stones You now have 22 gold pieces (gained 10).
Some of the chunks of flesh in your inventory have rotted away.
You now have 31 gold pieces (gained 9).
All of the chunks of flesh in your inventory have rotted away.
g - a scroll labeled BENASCH FIVU A giant cockroach comes into view.
A giant cockroach is nearby!
A giant cockroach is nearby!
The helpless giant cockroach fails to defend itself.
You hit the giant cockroach. You grab the giant cockroach.
Your squeeze misses the giant cockroach.
The giant cockroach is heavily wounded.
You constrict the giant cockroach, but do no damage.
The giant cockroach bites you but does no damage.
You barely miss the giant cockroach.
The giant cockroach is heavily wounded.
You constrict the giant cockroach, but do no damage.
The giant cockroach bites you but does no damage.
You block the giant cockroach's attack.
You hit the giant cockroach.
Your squeeze misses the giant cockroach.
The giant cockroach is severely wounded.
You constrict the giant cockroach.
You kill the giant cockroach!
A goblin comes into view.
A goblin is nearby!
A goblin is nearby!
A goblin is nearby!
The goblin shouts!
You barely miss the goblin. You grab the goblin. You constrict the goblin.
The goblin hits you.
You hit the goblin.
You kill the goblin!
You have reached level 3!
Your experience leads to an increase in your attributes!
Increase (S)trength, (I)ntelligence, or (D)exterity?
You feel clever.
Found a chain mail.
You see here a chain mail.
A giant cockroach comes into view.
A giant cockroach is nearby!
A giant cockroach is nearby!
You block the giant cockroach's attack.
You closely miss the giant cockroach. You grab the giant cockroach.
You constrict the giant cockroach.
The giant cockroach closely misses you. x2
You hit the giant cockroach.
You kill the giant cockroach!
No target in view!
You butcher the giant cockroach corpse.
l - 2 chunks of flesh A bat comes into view.
A bat is nearby!
A bat is nearby!
The helpless bat fails to defend itself.
You hit the bat. You grab the bat.
The bat is severely wounded.
You constrict the bat.
You kill the bat!
No target in view!
No target in view!
No target in view!
You see here a +0 dagger.
Eating one of 2 chunks of flesh.
You eat one of the 2 chunks of flesh.
This raw flesh tastes terrible.
There is an open gate here.
Done exploring.
Done exploring.
Done exploring.
Done exploring.
Search for what [? for help]? .
(D) Dungeon
Where to? (? - help)
There is an open gate here.
There is a stone staircase leading down here.
You climb downwards.
A rat, a goblin and 3 gnolls come into view.
The gnoll shouts!
The goblin shouts!
You hear a shout!
The gnoll shouts! x2
Found a sapphire potion and a scroll labeled RAFAJU MOTUT.
There is a stone staircase leading up here.
Okay, then.
The gnoll hits you with a +0 spear!
The gnoll hits you from afar with a +0 spear.
The gnoll hits you with a +0 halberd.
You climb upwards.
There is a stone staircase leading down here.
You block the gnoll's attack. The gnoll misses you.
The gnoll hits you from afar with a +0 halberd!
You die...

# #...#...# ##..# #
#######.# #..# # #.#
#..# # ##.#####..#
#### #.........# ...#
#.#######g# ##.# #.#
#g# #.# #.# #.# ##.##
#.# #@# #...####.#
#.#### #........#
#....#
#...####.#######.##.#
##### #.........##.#
#####.######.# #.#
#.# #.# #.# #.# #.#


You could see 2 gnolls.

Vanquished Creatures
  2 dart slugs (D:1)
  3 bats (D:1)
  2 giant cockroaches (D:1)
  3 goblins (D:1)
  2 hobgoblins (D:1)
  2 jackals (D:1)
  A frilled lizard (D:1)
  4 kobolds (D:1)
  2 rats (D:1)
21 creatures vanquished.

Notes
Turn   | Place    | Note
-------+----------+-------------------------------------------
     0 | D:1      | EnegeticOcto the Octopode Hunter began the quest for the
                  | Orb.
     0 | D:1      | Reached XP level 1. HP: 14/14 MP: 1/1
   374 | D:1      | Reached XP level 2. HP: 19/19 MP: 2/2
   499 | D:1      | Reached skill level 1 in Unarmed Combat
   934 | D:1      | Reached XP level 3. HP: 21/25 MP: 3/3
  1188 | D:1      | Slain by a gnoll

Levels and vault maps discovered:
D:1:      kennysheep_arrival_seaside, layout_loops_ring
D:2:      layout_loops_ring, minivault_27, minivault_23, minmay_misc_feat_square

Skill      XL: |  1  2 |
---------------+-------+-----
Stealth        | 2 |  2.6
Unarmed Combat | 1 |  1.2
Fighting       | |  2.5
Throwing       | |  4.0
Dodging        | |  2.0
Shields        | |  0.1

Action                   || total
-------------------------++-------
Melee: Short sword       ||    40
       Constrict         ||    15
       Tentacles         ||     6
 Stab: Sleeping          ||     7
  Eat: Chunk             ||     1
Armor: Skin              ||     3
Dodge: Dodged            ||    18
Block: Other             ||     4
       Buckler           ||     3
       Reflection        ||     1
